 Dungeon Crawl Stone Soup version 0.29-a0-330-g52719c12eb (webtiles) character file.

Game seed: 2747329205142795385

2637 vineage the Protected (level 9, 0/59 HPs)
             Began as a Gargoyle Fighter on May 6, 2022.
             Was a Believer of Okawaru.
             Slain by a vampire (2 damage)
             ... on level 9 of the Dungeon.
             The game lasted 00:09:33 (8187 turns).

vineage the Protected (Gargoyle Fighter)            Turns: 8187, Time: 00:09:34

Health: 0/59       AC: 17    Str: 28    XL:     9   Next: 61%
Magic:  9/9        EV:  9    Int: 12    God:    Okawaru [**....]
Gold:   404        SH:  8    Dex: 20    Spells: 8/8 levels left

rFire   + . .      SeeInvis .   z - +1 whip (flame)
rCold   x . .      Faith    +   c - +1 buckler
rNeg    + . .      Spirit   .   b - +0 scale mail
rPois   ∞          Reflect  .   q - +0 helmet
rElec   +          Harm     .   f - scarf {shadows}
rCorr   .          Rampage  .   (no gloves)
Will    .....                   t - +0 pair of boots
Stlth   +.........              y - amulet of Batiqez {Faith Int+3 Dex+5}
HPRegen 0.19/turn               m - +6 ring of strength
MPRegen 0.11/turn               l - ring "Kova" {Fire *Corrode rElec Dex+2}

@: flying, studying Armour
A: sickness immunity, AC +6, negative energy resistance 1, electricity
resistance, torment resistance 1, petrification resistance, big wings, thin
skeletal structure 1
a: Renounce Religion, Heroism


You were on level 9 of the Dungeon.
You worshipped Okawaru.
Okawaru was pleased with you.
You visited 2 branches of the dungeon, and saw 10 of its levels.

You collected 404 gold pieces.

Inventory:

Hand Weapons
 a - a +0 flail
 p - a +0 antimagic flail
 z - a +1 whip of flaming (weapon)
Armour
 b - a +0 scale mail (worn)
 c - a +1 buckler (worn)
 f - a scarf of shadows (worn)
 q - a +0 helmet (worn)
 t - a +0 pair of boots (worn)
Jewellery
 l - the ring "Kova" (right hand) {Fire *Corrode rElec Dex+2}
   (You found it on level 6 of the Dungeon)

   [ring of fire]

   It enhances your fire magic.
   Dex:       It affects your dexterity (+2).
   rF:        It protects you from fire.
   rC:        It makes you vulnerable to cold.
   rElec:     It insulates you from electricity.
   *Corrode:  It may corrode you when you take damage.
 m - a +6 ring of strength (left hand)
 v - a ring of see invisible
 w - a ring of positive energy
 y - the amulet of Batiqez (around neck) {Faith Int+3 Dex+5}
   (You acquired it on level 8 of the Dungeon)

   [amulet of faith]

   It allows you to gain divine favour quickly.
   Int:       It affects your intelligence (+3).
   Dex:       It affects your dexterity (+5).
 A - a ring of ice
 F - an amulet of regeneration
Wands
 n - a wand of polymorph (21)
 s - a wand of iceblast (18)
Scrolls
 d - a scroll of magic mapping
 o - a scroll of teleportation
 r - a scroll of enchant armour
 x - 4 scrolls of identify
 B - a scroll of immolation {unknown}
 C - a scroll of torment {unknown}
 D - a scroll of fog
 E - a scroll of holy word {unknown}
 G - a scroll of enchant weapon
Potions
 e - 3 potions of heal wounds
 g - 2 potions of magic
 h - 5 potions of attraction
 i - a potion of resistance
 j - 2 potions of flight
 k - 3 potions of curing
 u - 2 potions of ambrosia


   Skills:
 + Level 7.8 Fighting
 + Level 6.6 Maces & Flails
 + Level 9.0 Armour
 + Level 7.7 Shields


You had 8 spell levels left.
You didn't know any spells.
Your spell library contained the following spells:

 Spells                   Type           Power      Damage    Failure   Level
 Blink                    Tloc           0%         N/A       77%         2
 Inner Flame              Hex/Fire       0%         N/A       94%         3
 Lesser Beckoning         Tloc           0%         N/A       94%         3
 Ozocubu's Armour         Ice            0%         N/A       94%         3
 Cause Fear               Hex            0%         N/A       100%        4
 Manifold Assault         Tloc           0%         N/A       100%        5
 Metabolic Englaciation   Hex/Ice        0%         N/A       100%        5
 Discord                  Hex            0%         N/A       100%        8
 Simulacrum               Ice/Necr       Unusable   N/A       N/A         6

Dungeon Overview and Level Annotations

Branches:
Dungeon (9/15)             Temple (1/1) D:6
   Lair: D:8-11         Orc: D:9-12

Altars:
Cheibriados
Elyvilon
Fedhas
Gozag
Hepliaklqana
Kikubaaqudgha
Makhleb
Nemelex Xobeh
Okawaru
Qazlal
Ru
Sif Muna
Trog
Uskayaw
Vehumet
Wu Jian
Yredelemnul
Zin
The Shining One

Shops:
D:3 (   D:4 (   D:8 *


Innate Abilities, Weirdness & Mutations

You are immune to sickness and miasma.
Your stone body is resilient. (AC +6)
You are immune to poison.
You resist negative energy. (rN+)
You are resistant to electric shocks. (rElec)
You are resistant to unholy torment.
You are immune to petrification.
Your large and strong wings let you fly.
You have a somewhat thin skeletal structure. (Dex +2, Stealth+)


Message History

No target in view!
No target in view!
No target in view!
No target in view!
No target in view!
No target in view!
No target in view!
You miss something. Something hits you but does no damage.
Something bites you but does no damage.
You hit something. You burn something. Something hits you. Something bites you.
You hit something. You burn something. You hit something but do no damage.
Something hits you but does no damage. Something completely misses you.
You hit something. You burn something. Something hits you but does no damage.
Something bites you but does no damage.
You closely miss something. Something hits you but does no damage.
Something bites you but does no damage.
You hit something but do no damage.
You hear some strange, mumbled words.
Something tries to affect you, but you resist.
You hit something but do no damage. Something hits you but does no damage.
Something bites you but does no damage.
You hit something but do no damage. You hit something but do no damage.
Something hits you but does no damage. Something bites you but does no damage.
You closely miss something. Something hits you but does no damage.
Something bites you but does no damage.
You hit something. You burn something. Something hits you but does no damage.
Something bites you!
You barely miss something. Something hits you!
* * * LOW HITPOINT WARNING * * *
Something bites you.
* * * LOW HITPOINT WARNING * * *
You barely miss something. You completely miss something.
You block something's attack. Something bites you but does no damage.
You closely miss something. Something hits you!
* * * LOW HITPOINT WARNING * * *
Something bites you.
You die...

....>........# #
.........##..### .##
...............##....
.....#...............
.......#######.#####.
#....### #.#####..
#...<# ######........
#....# .........###.
#...... ..######@#
##...##. #{# ....#
............# ......
..####.####.# ....##
... #.# #.# #.#


There were no monsters in sight!

Vanquished Creatures
  Maggie (D:7)
  Eustachio (D:5)
  A water moccasin (D:5)
  2 ice beasts (D:5)
  2 black bears (D:5)
  4 centaurs
  3 bullfrogs (D:8)
  2 kobold brigands (D:7)
  2 necrophages
  3 scorpions
  4 killer bees (D:9)
  2 howler monkeys
  2 orc priests
  2 jellies
  4 hounds
  3 orc wizards
  3 gnolls (D:3)
  6 adders
  5 white imps
  5 worms
  A dart slug (D:2)
  21 orcs
  6 bats
  7 endoplasms
  6 giant cockroaches (D:1)
  7 goblins
  3 hobgoblins
  7 jackals (D:1)
  3 quokkas
  9 ball pythons
  2 frilled lizards
  10 kobolds
  8 rats
147 creatures vanquished.

Vanquished Creatures (others)
  An orc (D:7)
  5 fungi (D:9)
  3 plants (D:9)
9 creatures vanquished.

Grand Total: 156 creatures vanquished

Notes
Turn   | Place    | Note
-------+----------+-------------------------------------------
     0 | D:1      | vineage the Gargoyle Fighter began the quest for the Orb.
     0 | D:1      | Reached XP level 1. HP: 14/14 MP: 1/1
     0 | D:1      | Noticed a jelly
     1 | D:1      | Found a runed translucent door.
   105 | D:1      | Reached XP level 2. HP: 10/19 MP: 2/2
   897 | D:1      | Reached XP level 3. HP: 20/23 MP: 3/3
  1185 | D:1      | Reached XP level 4. HP: 25/29 MP: 4/4
  1285 | D:1      | Reached skill level 4 in Armour
  2003 | D:2      | Found a faded altar of an unknown god.
  2177 | D:2      | Reached XP level 5. HP: 33/33 MP: 5/5
  2981 | D:3      | Found Gamoahif's Antique Weapon Shop.
  3704 | D:4      | Reached XP level 6. HP: 37/39 MP: 6/6
  3981 | D:4      | Found a sparkling altar of Nemelex Xobeh.
  4034 | D:4      | Found Pabrics Tada's Weapon Boutique.
  4485 | D:5      | Entered Level 5 of the Dungeon
  4495 | D:5      | Reached skill level 5 in Armour
  4561 | D:5      | Reached skill level 5 in Fighting
  4621 | D:5      | Found a sacrificial altar of Ru.
  4634 | D:5      | Reached skill level 5 in Shields
  4634 | D:5      | Reached XP level 7. HP: 43/44 MP: 7/7
  4833 | D:5      | Found a snail-covered altar of Cheibriados.
  4866 | D:5      | Found a bloodstained altar of Trog.
  4950 | D:5      | Found a hazy altar of Hepliaklqana.
  4956 | D:5      | Noticed Eustachio
  5003 | D:5      | Killed Eustachio
  5004 | D:5      | Reached skill level 6 in Armour
  5004 | D:5      | Reached XP level 8. HP: 29/51 MP: 8/8
  5200 | D:5      | Reached skill level 5 in Maces & Flails
  5649 | D:6      | You fall into a shaft and drop 1 floor!
  5665 | D:6      | Identified a scroll of acquirement
  5665 | D:6      | Acquired a manual of Armour
  5675 | D:6      | Identified the ring "Kova" {Fire *Corrode rElec Dex+2}
  5960 | D:6      | Found a staircase to the Ecumenical Temple.
  5982 | Temple   | Entered the Ecumenical Temple
  6114 | Temple   | Became a worshipper of Warmaster Okawaru
  6506 | D:6      | Reached skill level 7 in Armour
  6653 | D:7      | Gained mutation: Your large and strong wings let you fly.
                  | [potion of mutation]
  6653 | D:7      | Gained mutation: You have a somewhat thin skeletal
                  | structure. (Dex +2, Stealth+) [potion of mutation]
  6863 | D:7      | Noticed Maggie
  6875 | D:7      | Killed Maggie
  6875 | D:7      | Reached * piety under Okawaru
  6876 | D:7      | Reached XP level 9. HP: 52/57 MP: 9/9
  6880 | D:7      | Reached skill level 8 in Armour
  7279 | D:8      | Found Taecau's Fire Supplies.
  7347 | D:8      | Found an opulent altar of Gozag.
  7748 | D:8      | Acquired the amulet of Batiqez {Faith Int+3 Dex+5}
  7933 | D:8      | Reached ** piety under Okawaru
  8167 | D:9      | Reached skill level 9 in Armour
  8187 | D:9      | HP: 2/59 [something (9)]
  8187 | D:9      | Slain by a vampire

Illustrated notes

Levels and vault maps discovered:
D:1:      dpeg_arrival_caged_fury, layout_basic, roderic_st_hans_cross,
          minmay_tetromino_t2
D:2:      layout_basic, chequers_ecumenical_altar_simple, chequers_avenue,
          serial_bayou_pond_a
D:3:      layout_rooms, serial_shops, nicolae_shop_trees,
          minmay_strange_pillars, corner_web_ring, minivault_14, st_stairs_8,
          chequers_serial_rivers_large_a
D:4:      layout_cave_pods, lemuel_round_altar, serial_shops,
          nicolae_shop_bloodbath_and_beyond
D:5:      layout_basic, nicolae_ru_awakened_eye, trog_ov_bears_minmay,
          chei_slow_surprise, mainiacjoe_overflow_brackets, uniq_eustachio
D:6:      layout_loops_ring, minmay_temple_entry_crystal_x, bh_walls_and_bars
D:7:      layout_rooms, uniq_maggie
D:8:      layout_loops_cross, grunt_gozag_breadcrumbs, nicolae_shop_fire_sale
          [nicolae_sub_dead_trees]
D:9:      layout_loops_ring, mainiacjoe_overflow_small_starburst,
          grunt_lair_entry_orc_guard_hut, hiddenorc1_lemuel
Temple:   cyrus_circular_temple

Skill      XL: |  1  2  3  4  5  6  7  8  9 |
---------------+----------------------------+-----
Armour         | 4 5 6 7 9 |  9.0
Fighting       | 4 5 6 7 |  7.8
Shields        | 4 5 7 |  7.7
Maces & Flails | 3 4 6 |  6.6

Action                   |  1- 3 |  4- 6 |  7- 9 || total
-------------------------+-------+-------+-------++-------
Melee: Flail             |   110 |   198 |    60 ||   368
       Whip              |       |       |   331 ||   331
  Use: Scroll            |     3 |     2 |    15 ||    20
       Potion            |     1 |       |     4 ||     5
Armor: Scale mail        |    83 |    84 |   215 ||   382
Dodge: Dodged            |    78 |    93 |   185 ||   356
Block: Buckler           |    30 |    34 |   118 ||   182

Table legend: (Time is in decaauts)
 A = Elapsed time spent in this place.
 B = Non-inter-level travel time spent in this place.
 C = Inter-level travel time spent in this place.
 D = Time resting spent in this place.
 E = Time spent auto-exploring this place.
 F = Levels seen in this place.
 G = Mean time per level.
                   A        B        C        D        E       F      G
               +--------+--------+--------+--------+--------+-----+--------+
         Total |   8257 |   7862 |    395 |    489 |   6012 |  10 |  825.7 |
       Dungeon |   8116 |   7729 |    387 |    489 |   5894 |   9 |  901.8 |
        Temple |    140 |    132 |      8 |      0 |    118 |   1 |  140.0 |
               +--------+--------+--------+--------+--------+-----+--------+

Top non-repeatable levels by time:
     D:1: 1569 daAuts
     D:5: 1171 daAuts
     D:2: 1135 daAuts
     D:3: 1002 daAuts
     D:4: 879 daAuts
     D:6: 833 daAuts
     D:8: 815 daAuts
     D:7: 602 daAuts
  Temple: 140 daAuts
     D:9: 107 daAuts
